 Dungeon Crawl Stone Soup version 0.24.1-14-gf8d2b509d9 (console) character file.

Game seed: 3456965518035443625, levelgen mode: deterministic

6008 Kagalorn the Quickloader (level 10, 0/79 HPs)
             Began as a Gnoll Wanderer on Nov 28, 2020.
             Was an Initiate of Ashenzari.
             Slain by a killer bee (1 damage)
             ... on level 8 of the Dungeon on Nov 30, 2020.
             The game lasted 00:25:26 (10006 turns).

Kagalorn the Quickloader (Gnoll Wanderer)          Turns: 10006, Time: 00:25:27

Health: 0/79       AC: 15    Str: 22    XL:     10   Next: 85%
Magic:  18/18      EV: 11    Int: 15    God:    Ashenzari [......]
Gold:   357        SH:  5    Dex: 15    Spells: 20/20 levels left

rFire    . . .     SeeInvis .   a - +1 hand axe (elec)
rCold    . . .     Gourm    .   l - +0 buckler
rNeg     . . .     Faith    .   Q - +2 chain mail {MR+}
rPois    .         Spirit   .   H - +0 helmet
rElec    .         Reflect  .   (no cloak)
rCorr    .         Harm     .   (no gloves)
MR       +....                  x - +0 pair of boots
Stlth    +.........             k - amulet of rage
HPRegen  0.23/turn              P - +5 ring of strength
MPRegen  0.16/turn              s - ring of wizardry (curse)

@: no status effects
A: distributed training, fangs 1, strong nose
a: Curse Item, Renounce Religion, Evoke Berserk Rage


You were on level 8 of the Dungeon.
You worshipped Ashenzari.
Ashenzari was noncommittal.
You were very hungry.

You visited 2 branches of the dungeon, and saw 9 of its levels.
You also visited: Sewer and Ossuary.

You collected 357 gold pieces.

Inventory:

Hand Weapons
 a - a +1 hand axe of electrocution (weapon)
 b - a +0 shortbow
 E - a -1 eveningstar
Missiles
 c - 247 arrows
 h - 201 stones
 i - 32 sling bullets
 j - 35 poisoned darts (quivered)
 m - 8 curare-tipped darts
 n - 4 boomerangs
 v - 72 bolts
 L - 2 throwing nets
Armour
 e - a +2 scale mail
 l - a +0 buckler (worn)
 x - a +0 pair of boots (worn)
 H - a +0 helmet (worn)
 Q - a +2 chain mail of magic resistance (worn)
Jewellery
 k - an amulet of rage (around neck)
 o - an uncursed ring of magical power
 q - a +2 ring of intelligence
 s - a cursed ring of wizardry (right hand)
 z - an uncursed ring of magical power
 A - an uncursed ring of stealth
 P - a +5 ring of strength (left hand)
 R - a +2 ring of evasion
Wands
 p - a wand of paralysis (20)
 w - a wand of iceblast (16)
 C - a wand of acid (1)
Scrolls
 g - 3 scrolls of amnesia
 r - a scroll of fear
 t - a scroll of brand weapon {unknown}
 u - 5 scrolls of remove curse
 y - 3 scrolls of magic mapping
 D - a scroll of enchant weapon
 G - 3 scrolls of identify
 N - 2 scrolls of fog
 O - 5 scrolls of teleportation
Potions
 B - 4 potions of curing
 F - 2 potions of flight
 I - 7 potions of might
 J - a potion of resistance
 K - 2 potions of mutation
 M - a potion of heal wounds
Comestibles
 f - 11 rations


   Skills:
 + Level 7.3 Fighting
 + Level 5.5 Short Blades
 + Level 5.5 Long Blades
 + Level 5.5 Axes
 + Level 6.2 Maces & Flails
 + Level 5.5 Polearms
 + Level 5.5 Staves
 + Level 5.5 Slings
 + Level 5.5 Bows
 + Level 8.7 Crossbows
 + Level 5.5 Throwing
 + Level 7.3 Armour
 + Level 5.5 Dodging
 + Level 7.0 Stealth
 + Level 5.5 Shields
 + Level 5.5 Unarmed Combat
 + Level 5.5 Spellcasting
 + Level 4.6 Conjurations
 + Level 4.6 Hexes
 + Level 4.6 Charms
 + Level 4.6 Summonings
 + Level 4.6 Necromancy
 + Level 4.6 Translocations
 + Level 4.6 Transmutations
 + Level 4.6 Fire Magic
 + Level 4.6 Ice Magic
 + Level 4.6 Air Magic
 + Level 4.6 Earth Magic
 + Level 4.6 Poison Magic
 + Level 6.1 Invocations
 + Level 5.5 Evocations


You had 20 spell levels left.
You didn't know any spells.
Your spell library was empty.

Dungeon Overview and Level Annotations

Branches:
Dungeon (8/15)             Temple (1/1) D:7           Sewer (visited)
Ossuary (visited)
   Lair: D:8-11

Altars:
Ashenzari
Cheibriados
Dithmenos
Elyvilon
Fedhas
Gozag
Hepliaklqana
Kikubaaqudgha
Makhleb
Nemelex Xobeh
Okawaru
Qazlal
Sif Muna
Trog
Uskayaw
Vehumet
Wu Jian
Xom
Yredelemnul
Zin
The Shining One

Shops:
D:7 [


Innate Abilities, Weirdness & Mutations

Your experience applies equally to all skills.
You have very sharp teeth.
Your uncanny sense of smell can sniff out nearby items.


Message History

The killer bee buzzes angrily.
The killer bee stings you but does no damage.
The killer bee barely misses you.
You miss the killer bee. Your bite misses the killer bee.
The killer bee is heavily wounded.
The killer bee closely misses you. You block the killer bee's attack.
The killer bee misses you.
You slash the killer bee!
Lightning courses through the killer bee!!
You kill the killer bee!
You miss the killer bee.
The killer bee stings you but does no damage.
The killer bee closely misses you.
You are feeling very hungry.
You miss the killer bee. The killer bee stings you!
* * * LOW HITPOINT WARNING * * *
The killer bee stings you.
* * * LOW HITPOINT WARNING * * *
You closely miss the killer bee. The killer bee stings you.
You die...

#
#......######
#
#............#
#
#....####....#
# #..#. ##...#
.. ...##
∆#.#..# ### ..
#y###†# #y#
#†# ∆#y#∆ #†#
#y# #@# #y# ∆
#.y# ## #..#
...# ....#
...### ####


You could see a killer bee.

Vanquished Creatures
  Harold (D:7)
  A two-headed ogre (D:8)
  Pikel (D:4)
  A queen bee (D:8)
  A hippogriff (D:8)
  A wyvern (D:8)
  Edmund (D:4)
  2 ice beasts
  A sky beast (D:6)
  A phantom (D:5)
  A slave (D:4)
  5 centaurs
  2 big kobolds
  4 bullfrogs
  A wyvern zombie (D:6)
  A water moccasin zombie (Ossuary)
  3 jellies
  3 scorpions (D:5)
  12 killer bees (D:8)
  A quasit (D:8)
  2 bullfrog zombies
  A centaur skeleton (D:8)
  7 orc priests
  4 hounds
  14 orc wizards
  2 bullfrog skeletons (D:8)
  An iguana (D:5)
  2 worker ants
  A killer bee zombie (D:6)
  4 big kobold zombies (Ossuary)
  A hound zombie (D:6)
  2 mummies (Ossuary)
  4 gnolls (D:6)
  19 adders
  2 river rats (Sewer)
  2 shadow imps
  2 adder skeletons
  3 adder zombies
  A dart slug (D:3)
  5 leopard geckos
  29 orcs
  13 ball pythons
  16 bats
  3 giant cockroaches
  5 gnoll zombies (Ossuary)
  5 goblins
  13 hobgoblins
  11 jackals
  16 kobolds
  5 quokkas
  6 frilled lizards
  4 hobgoblin zombies (Ossuary)
  A jackal zombie (D:5)
  4 kobold zombies (Ossuary)
  6 orc zombies (Ossuary)
  30 rats
290 creatures vanquished.

Vanquished Creatures (others)
  A slave (D:5)
1 creature vanquished.

Grand Total: 291 creatures vanquished

Notes
Turn   | Place    | Note
-------+----------+-------------------------------------------
     0 | D:1      | Kagalorn the Gnoll Wanderer began the quest for the Orb.
     0 | D:1      | Kagalorn set off with the following items: a +0 shortbow, a
                  | +2 scale mail, 27 arrows, a potion of lignification, a +0
                  | dagger, a ration
     0 | D:1      | Reached XP level 1. HP: 20/20 MP: 1/1
   103 | D:1      | Reached XP level 2. HP: 26/26 MP: 2/2
   557 | D:1      | Reached XP level 3. HP: 31/31 MP: 3/3
  1224 | D:2      | Reached skill level 1 in Invocations
  1402 | D:2      | Reached skill level 1 in Short Blades
  1402 | D:2      | Reached skill level 1 in Long Blades
  1402 | D:2      | Reached skill level 1 in Axes
  1402 | D:2      | Reached skill level 1 in Polearms
  1402 | D:2      | Reached skill level 1 in Staves
  1402 | D:2      | Reached skill level 1 in Slings
  1402 | D:2      | Reached skill level 1 in Bows
  1402 | D:2      | Reached skill level 1 in Throwing
  1402 | D:2      | Reached skill level 1 in Dodging
  1402 | D:2      | Reached skill level 1 in Shields
  1402 | D:2      | Reached skill level 1 in Unarmed Combat
  1402 | D:2      | Reached skill level 1 in Spellcasting
  1402 | D:2      | Reached skill level 1 in Evocations
  1497 | D:3      | Reached XP level 4. HP: 38/38 MP: 5/5
  1857 | D:3      | Found a glowing silver altar of Zin.
  1857 | D:3      | Noticed an angel
  1902 | D:3      | Reached skill level 1 in Conjurations
  1902 | D:3      | Reached skill level 1 in Hexes
  1902 | D:3      | Reached skill level 1 in Charms
  1902 | D:3      | Reached skill level 1 in Summonings
  1902 | D:3      | Reached skill level 1 in Necromancy
  1902 | D:3      | Reached skill level 1 in Translocations
  1902 | D:3      | Reached skill level 1 in Transmutations
  1902 | D:3      | Reached skill level 1 in Fire Magic
  1902 | D:3      | Reached skill level 1 in Ice Magic
  1902 | D:3      | Reached skill level 1 in Air Magic
  1902 | D:3      | Reached skill level 1 in Earth Magic
  1902 | D:3      | Reached skill level 1 in Poison Magic
  2457 | D:4      | Reached XP level 5. HP: 40/43 MP: 6/6
  3303 | D:3      | Reached XP level 6. HP: 42/50 MP: 8/8
  3566 | D:5      | Entered Level 5 of the Dungeon
  3566 | D:5      | Noticed Edmund
  3566 | D:5      | Noticed Pikel
  3566 | D:5      | Noticed a slave
  3566 | D:5      | Noticed a slave
  3569 | D:5      | Noticed a slave
  3571 | D:5      | Noticed a slave
  3701 | D:4      | Killed a slave
  3712 | D:4      | Killed Pikel
  3712 | D:4      | Reached skill level 5 in Fighting
  3712 | D:4      | Reached skill level 7 in Crossbows
  3712 | D:4      | Reached skill level 5 in Armour
  3712 | D:4      | Reached XP level 7. HP: 23/56 MP: 8/10
  3890 | D:4      | Killed Edmund
  3890 | D:4      | Reached skill level 5 in Stealth
  3984 | D:5      | Reached XP level 8. HP: 40/63 MP: 12/12
  5369 | D:6      | Found a sand-covered staircase.
  5378 | Ossuary  | Entered an ossuary
  5700 | Ossuary  | Reached XP level 9. HP: 68/69 MP: 14/14
  5842 | D:6      | Found a glowing drain.
  5865 | Sewer    | Entered a sewer
  6544 | D:6      | Found an ornate altar of the Wu Jian Council.
  6905 | D:6      | Reached skill level 5 in Maces & Flails
  7773 | D:6      | Reached skill level 8 in Crossbows
  8175 | D:7      | Found a staircase to the Ecumenical Temple.
  8177 | D:7      | Noticed Harold
  8202 | D:7      | Killed Harold
  8202 | D:7      | Reached skill level 5 in Invocations
  8202 | D:7      | Reached XP level 10. HP: 35/77 MP: 15/17
  8211 | Temple   | Entered the Ecumenical Temple
  8510 | Temple   | Became a worshipper of Ashenzari the Shackled
  8619 | D:7      | Found Gyuts's Armour Emporium.
  8854 | D:7      | Found an opulent altar of Gozag.
  9238 | D:8      | Found a glowing golden altar of the Shining One.
  9238 | D:8      | Found a sparkling altar of Nemelex Xobeh.
  9238 | D:8      | Found a shadowy altar of Dithmenos.
  9303 | D:8      | Reached skill level 5 in Short Blades
  9303 | D:8      | Reached skill level 5 in Long Blades
  9303 | D:8      | Reached skill level 5 in Axes
  9303 | D:8      | Reached skill level 5 in Polearms
  9303 | D:8      | Reached skill level 5 in Staves
  9303 | D:8      | Reached skill level 5 in Slings
  9303 | D:8      | Reached skill level 5 in Bows
  9303 | D:8      | Reached skill level 5 in Throwing
  9303 | D:8      | Reached skill level 5 in Dodging
  9303 | D:8      | Reached skill level 5 in Shields
  9303 | D:8      | Reached skill level 5 in Unarmed Combat
  9303 | D:8      | Reached skill level 5 in Spellcasting
  9303 | D:8      | Reached skill level 5 in Evocations
  9521 | D:8      | Found a white marble altar of Elyvilon.
  9564 | D:8      | Noticed a two-headed ogre
  9580 | D:8      | Killed a two-headed ogre
  9593 | D:8      | Found a shimmering altar of Xom.
 10001 | D:8      | HP: 2/79 [killer bee (2)]
 10006 | D:8      | Slain by a killer bee

Levels and vault maps discovered:
D:1:      minmay_arrival_open_corners, layout_basic
D:2:      layout_loops_cross, first_ration
D:3:      layout_loops_corners, zin_angel
D:4:      layout_rooms
D:5:      old_forge, layout_gridville, uniq_edmund, uniq_pikel
D:6:      layout_layer_cave, kennysheep_mini_moat, portal_sewer_entry_d,
          enter_ossuary_1
D:7:      layout_loops_corners, grunt_gozag_statues,
          minmay_temple_entry_large_hall, serial_shops, shop_fountains,
          uniq_harold
D:8:      layout_basic, nicolae_overflow_hidden_temple,
          nicolae_overflow_quartered_altars, david_nohive_1
Temple:   oiseaux_autumnal_temple

Skill      XL: |  1  2  3  4  5  6  7  8  9 10 |
---------------+-------------------------------+-----
Invocations    | 1 2 3 4 5 6 |  6.1
Short Blades   | 1 2 3 4 5 |  5.5
Long Blades    | 1 2 3 4 5 |  5.5
Axes           | 1 2 3 4 5 |  5.5
Polearms       | 1 2 3 4 5 |  5.5
Staves         | 1 2 3 4 5 |  5.5
Slings         | 1 2 3 4 5 |  5.5
Bows           | 1 2 3 4 5 |  5.5
Throwing       | 1 2 3 4 5 |  5.5
Dodging        | 1 2 3 4 5 |  5.5
Shields        | 1 2 3 4 5 |  5.5
Unarmed Combat | 1 2 3 4 5 |  5.5
Spellcasting   | 1 2 3 4 5 |  5.5
Evocations     | 1 2 3 4 5 |  5.5
Conjurations   | 1 2 3 4 |  4.6
Hexes          | 1 2 3 4 |  4.6
Charms         | 1 2 3 4 |  4.6
Summonings     | 1 2 3 4 |  4.6
Necromancy     | 1 2 3 4 |  4.6
Translocations | 1 2 3 4 |  4.6
Transmutations | 1 2 3 4 |  4.6
Fire Magic     | 1 2 3 4 |  4.6
Ice Magic      | 1 2 3 4 |  4.6
Air Magic      | 1 2 3 4 |  4.6
Earth Magic    | 1 2 3 4 |  4.6
Poison Magic   | 1 2 3 4 |  4.6
Maces & Flails | 3 4 5 6 |  6.2
Fighting       | 5 6 7 |  7.3
Crossbows      | 7 8 |  8.7
Armour         | 5 6 7 |  7.3
Stealth        | 5 6 7 |  7.0

Action                   |  1- 3 |  4- 6 |  7- 9 | 10-12 || total
-------------------------+-------+-------+-------+-------++-------
Melee: Dagger            |   216 |   336 |       |       ||   552
       Bite              |    24 |    41 |    54 |    20 ||   139
       Hand axe          |       |    30 |   454 |   183 ||   667
 Fire: Shortbow          |     5 |       |       |       ||     5
Throw: Dart              |       |       |       |     5 ||     5
Invok: Curse Item        |       |       |       |     1 ||     1
Evoke: Wand              |       |     1 |     4 |     2 ||     7
  Use: Scroll            |       |       |    18 |       ||    18
       Potion            |       |       |     3 |     3 ||     6
 Stab: Sleeping          |     1 |     3 |     6 |       ||    10
       Held in net/web   |       |       |     2 |       ||     2
  Eat: Chunk             |     2 |     6 |     7 |     5 ||    20
       Ration            |       |     1 |     2 |       ||     3
Armor: Scale mail        |   122 |   154 |   259 |       ||   535
       Skin              |       |    13 |       |    39 ||    52
       Chain mail        |       |       |       |    95 ||    95
Dodge: Dodged            |   104 |   168 |   287 |   104 ||   663
Block: Buckler           |    20 |    53 |   139 |    61 ||   273
